 Dungeon Crawl Stone Soup version 0.29-a0-88-g03a7b78be7 (webtiles) character file.

Game seed: 2163141150384979458

816 dmks the Firebug (level 7, -5/50 HPs)
             Began as a Red Draconian Fire Elementalist on Feb 5, 2022.
             Was a Believer of Vehumet.
             Slain by an ogre (21 damage)
             ... on level 5 of the Dungeon.
             The game lasted 00:15:51 (7301 turns).

dmks the Firebug (Red Draconian Fire Elementalist)  Turns: 7301, Time: 00:15:52

Health: -5/50      AC:  7    Str: 10    XL:     7   Next: 62%
Magic:  7/14       EV: 12    Int: 17    God:    Vehumet [**....]
Gold:   33         SH:  0    Dex: 16    Spells: 12/15 levels left

rFire   + + .      SeeInvis .   a - +1 whip "Perghap" {flame, rF+ rC+ Dex+4}
rCold   + . .      Faith    .   (no shield)
rNeg    . . .      Spirit   .   (armour unavailable)
rPois   .          Reflect  .   (helmet restricted)
rElec   .          Harm     .   (no cloak)
rCorr   .          Rampage  .   h - +0 pair of gloves
Will    .....                   (no boots)
Stlth   ++........              (no amulet)
HPRegen 0.16/turn               (no ring)
MPRegen 0.14/turn               (no ring)

@: no status effects
A: breathe fire, AC +6, unfitting armour, fire resistance 1, cold-blooded
a: Breathe Fire, Renounce Religion


You were on level 5 of the Dungeon.
You worshipped Vehumet.
Vehumet was pleased with you.
You visited 1 branch of the dungeon, and saw 5 of its levels.
You also visited: Ossuary.

You collected 128 gold pieces.
You spent 95 gold pieces at shops.

Inventory:

Hand Weapons
 a - the +1 whip "Perghap" (weapon) {flame, rF+ rC+ Dex+4}
   (You took it off a kobold on level 4 of the Dungeon)

   It burns those it strikes, dealing additional fire damage.
   Dex:       It affects your dexterity (+4).
   rF:        It protects you from fire.
   rC:        It protects you from cold.
 k - the +11 spear of Famine {freeze, rCorr SInv}
   (You found it on level 5 of the Dungeon)

   It freezes those it strikes, dealing additional cold damage.
   It can also slow down cold-blooded creatures.
   SInv:      It lets you see invisible.
   rCorr:     It protects you from acid and corrosion.
Armour
 b - a +0 leather armour
   (You found it in an ossuary)
 h - a +0 pair of gloves (worn)
   (You found it on level 4 of the Dungeon)
Magical Staves
 g - a staff of poison
   (You found it on level 3 of the Dungeon)
Wands
 v - a wand of digging (5)
   (You found it on level 4 of the Dungeon)
Scrolls
 e - a scroll of fog
 j - a scroll of blinking
 m - 2 scrolls of enchant weapon
Potions
 c - a potion of heal wounds {@q2}
 f - a potion of brilliance
 i - a potion of resistance
 l - 4 potions of cancellation


   Skills:
 - Level 1.7 Dodging
 - Level 1.7 Stealth
 + Level 4.9 Spellcasting
 + Level 4.9 Conjurations
 + Level 7.0 Fire Magic


You had 12 spell levels left.
You knew the following spells:

 Your Spells              Type           Power      Damage    Failure   Level
a - Foxfire               Conj/Fire      96%        2x1d8     1%          1
b - Scorch                Fire           54%        2d7       1%          2

Your spell library contained the following spells:

 Spells                   Type           Power      Damage    Failure   Level
 Mephitic Cloud           Conj/Pois/Air  9%         N/A       22%         3
 Conjure Flame            Conj/Fire      24%        6-21      3%          3
 Inner Flame              Hex/Fire       16%        N/A       11%         3
 Flame Wave               Conj/Fire      24%        2d7       12%         4


Dungeon Overview and Level Annotations

Branches:
Dungeon (5/15)            Ossuary (visited)
 Temple: D:4-7

Altars:
Kikubaaqudgha
Vehumet
Wu Jian
The Shining One

Shops:
D:4 [:?

Annotations:
D:2 1 runed translucent door, 1 exclusion, Crazy Yiuf, Sigmund
D:5 Duvessa


Innate Abilities, Weirdness & Mutations

You can breathe blasts of fire.
Your fiery red scales are hard. (AC +6)
You cannot fit into any form of body armour.
Your flesh is heat resistant. (rF+)
You are cold-blooded and may be slowed by cold attacks.


Message History

You feel a surge of power!
Flames lash the ogre.
The ogre is burned terribly!
You kill the ogre!
Vehumet accepts your kill.
You feel your power returning.
Your Fire Magic skill increases to level 7!
You start resting.
You start resting.
You feel a little less clever now.
You start waiting.
Done waiting.
There is a stone staircase leading down here.
You climb downwards.
Level annotation: Duvessa You hear a shout!
There is a stone staircase leading up here.
Flames lash the ogre.
The ogre's fire resistance burns away.
You hear a shout!
A centaur skeleton comes into view.
Flames lash the ogre.
The ogre is burned terribly!
The ogre hits you with a +0 giant spiked club!
You hear a shout!
The ogre hits you with a +0 giant spiked club!!
Ouch! That really hurt!
* * * LOW HITPOINT WARNING * * *
You feel much better.
The centaur skeleton hits you but does no damage.
The centaur skeleton kicks you.
You hear a shout!
The centaur skeleton hits you but does no damage.
The centaur skeleton kicks you but does no damage.
Flames lash the adder zombie.
The adder zombie's fire resistance burns away.
You hear a shout!
The ogre hits you with a +0 giant spiked club!!
* * * LOW HITPOINT WARNING * * *
The centaur skeleton hits you.
* * * LOW HITPOINT WARNING * * *
The centaur skeleton closely misses you.
The adder zombie bites you but does no damage.
The centaur skeleton closely misses you.
The centaur skeleton kicks you but does no damage.
The ogre misses you. The adder zombie barely misses you.
Flames lash the adder zombie.
The adder zombie is burned terribly!
You destroy the adder zombie!
Vehumet accepts your kill.
The centaur skeleton hits you but does no damage.
The centaur skeleton kicks you.
* * * LOW HITPOINT WARNING * * *
The ogre hits you with a +0 giant spiked club!!
You die...

##. .# # ... ...#
#. #.# ... #.. #.#
.( #...### #.## .#
#
.......###..##.##.#
..................#
.......@.........#
#....#ZO##.......#
#.. #..##.!....## #
....##......#
.###.##....### ..
#.##.#### . #.##.#
#.##.#


You could see an ogre (combustible) and a centaur skeleton.

Vanquished Creatures
  A black bear (D:3)
  An ogre (D:4)
  A phantom (D:4)
  A bullfrog (D:4)
  3 water moccasin zombies (Ossuary)
  Dowan (D:5)
  A howler monkey (D:4)
  A hound (D:5)
  A centaur skeleton (D:5)
  2 mummies (Ossuary)
  Robin (D:1)
  3 adders
  10 adder zombies
  2 worms (D:2)
  3 dart slugs
  7 endoplasms
  5 giant cockroaches
  13 goblins
  8 hobgoblins
  7 jackals
  A quokka (D:4)
  4 ball pythons
  9 bats
  4 frilled lizards
  7 hobgoblin zombies (Ossuary)
  7 kobolds
  6 kobold zombies (Ossuary)
  3 orc zombies (Ossuary)
  3 rats
116 creatures vanquished.

Vanquished Creatures (collateral kills)
  A foxfire (D:1)
1 creature vanquished.

Vanquished Creatures (others)
  A human (D:3)
  435 foxfires
436 creatures vanquished.

Grand Total: 553 creatures vanquished

Notes
Turn   | Place    | Note
-------+----------+-------------------------------------------
     0 | D:1      | dmks the Draconian Fire Elementalist began the quest for
                  | the Orb.
     0 | D:1      | Reached XP level 1. HP: 14/14 MP: 3/3
   368 | D:1      | Reached XP level 2. HP: 20/20 MP: 0/5
  1636 | D:2      | Found a radiant altar of Vehumet.
  1680 | D:2      | Became a worshipper of Vehumet
  1793 | D:2      | Noticed Robin
  1826 | D:1      | Reached XP level 3. HP: 4/26 MP: 0/6
  2465 | D:1      | Killed Robin
  2863 | D:2      | Learned a level 2 spell: Scorch
  2980 | D:2      | Reached XP level 4. HP: 33/33 MP: 3/8
  3047 | D:2      | Noticed Sigmund
  3410 | D:2      | Found a runed translucent door.
  3411 | D:2      | Noticed Crazy Yiuf
  3703 | D:3      | Noticed a black bear
  3747 | D:3      | Reached * piety under Vehumet
  3747 | D:3      | Offered knowledge of Freeze by Vehumet.
  3765 | D:3      | Found a faded altar of an unknown god.
  3998 | D:3      | Killed a black bear
  3999 | D:3      | Reached skill level 4 in Fire Magic
  3999 | D:3      | Reached XP level 5. HP: 28/38 MP: 1/10
  4537 | D:3      | Found an ancient bone altar of Kikubaaqudgha.
  4538 | D:3      | Noticed a human
  4541 | D:3      | Killed a human
  4813 | D:4      | Found an ornate altar of the Wu Jian Council.
  4896 | D:4      | Found Poocka's Magic Scroll Boutique.
  4906 | D:4      | Bought a scroll of identify for 20 gold pieces
  4906 | D:4      | Bought a scroll of blinking for 75 gold pieces
  4913 | D:4      | Identified the +1 whip "Perghap" {flame, rF+ rC+ Dex+4}
  4950 | D:4      | Found Goxihauk's Book Shoppe.
  4953 | D:4      | Reached XP level 6. HP: 28/45 MP: 0/11
  5464 | D:4      | Found a glowing golden altar of the Shining One.
  5566 | D:4      | Found Zexzuwyl's Antique Armour Shop.
  5802 | D:5      | Entered Level 5 of the Dungeon
  5816 | D:5      | Reached skill level 5 in Fire Magic
  5819 | D:5      | Reached ** piety under Vehumet
  5833 | D:5      | Noticed Dowan
  5891 | D:5      | Killed Dowan
  5952 | D:5      | Noticed Duvessa
  6081 | D:5      | Found a sand-covered staircase.
  6086 | D:5      | Identified the +11 spear of Famine {freeze, rCorr SInv}
  6090 | Ossuary  | Entered an ossuary
  6096 | Ossuary  | Offered knowledge of Poisonous Vapours by Vehumet.
  6314 | Ossuary  | Your scales start taking on a fiery red colour.
  6314 | Ossuary  | Reached skill level 6 in Fire Magic
  6314 | Ossuary  | Reached XP level 7. HP: 45/50 MP: 8/13
  6314 | Ossuary  | Gained mutation: Your flesh is heat resistant. (rF+) [Red
                  | Draconian growth]
  6525 | Ossuary  | Offered knowledge of Mephitic Cloud by Vehumet.
  7106 | D:4      | Reached skill level 7 in Fire Magic
  7301 | D:5      | Slain by an ogre

Illustrated notes

Levels and vault maps discovered:
D:1:      elethiomel_arrival_shortcut, layout_loops_ring, serial_rivers,
          chequers_serial_rivers_room_a, chequers_serial_rivers_micro_a,
          chequers_serial_rivers_small_3, chequers_serial_rivers_room_b,
          chequers_serial_rivers_micro_e, serial_bayou_crossing
D:2:      layout_rooms, basic_altar, minmay_quadrilaterals, uniq_sigmund,
          uniq_robin, uniq_crazy_yiuf_cottage
D:3:      layout_rooms, tgw_kikubaaqudgha, ebering_ecumenical_altar_rust
D:4:      layout_basic, tso_oasis_becter, nicolae_wu_jian_wuxing_cycle,
          serial_shops, nicolae_diamond_shop, nicolae_inconvenience_store,
          nicolae_shop_trees, minmay_crystal_room
D:5:      layout_loops_ring, nicolae_overflow_hidden_temple, old_standard_altar,
          enter_ossuary_1, uniq_duvessa, uniq_edmund

Skill      XL: |  1  2  3  4  5  6  7 |
---------------+----------------------+-----
Conjurations   | 2 3 4 |  4.9
Spellcasting   | 3 4 |  4.9
Fire Magic     | 4 6 7 |  7.0
Dodging        | |  1.7
Stealth        | |  1.7

Action                   |  1- 3 |  4- 6 |  7- 9 || total
-------------------------+-------+-------+-------++-------
Melee: Unarmed           |    10 |       |       ||    10
       Tailslap          |     1 |     1 |     2 ||     4
       Whip              |       |     6 |     9 ||    15
 Cast: Foxfire           |    96 |   169 |    10 ||   275
       Scorch            |       |     6 |    28 ||    34
 Abil: Breathe Fire      |       |       |     2 ||     2
  Use: Potion            |     2 |       |     4 ||     6
       Scroll            |       |     5 |     7 ||    12
Armor: Skin              |    25 |    69 |    19 ||   113
Dodge: Dodged            |    34 |   100 |    33 ||   167

Table legend: (Time is in decaauts)
 A = Elapsed time spent in this place.
 B = Non-inter-level travel time spent in this place.
 C = Inter-level travel time spent in this place.
 D = Time resting spent in this place.
 E = Time spent auto-exploring this place.
 F = Levels seen in this place.
 G = Mean time per level.
                   A        B        C        D        E       F      G
               +--------+--------+--------+--------+--------+-----+--------+
         Total |   7336 |   7073 |    263 |   1659 |   3848 |   6 | 1222.7 |
       Dungeon |   6553 |   6290 |    263 |   1131 |   3839 |   5 | 1310.6 |
       Ossuary |    782 |    782 |      0 |    528 |      9 |   1 |  782.0 |
               +--------+--------+--------+--------+--------+-----+--------+

Top non-repeatable levels by time:
     D:1: 2354 daAuts
     D:4: 1578 daAuts
     D:2: 1431 daAuts
     D:3: 1000 daAuts
 Ossuary: 782 daAuts
     D:5: 189 daAuts
